AoeStats
← 只会打步弓

African Clearing

510294024Analyzed
4v4 RM · 2d ago on Sep 30, 2026· 38m 18s· 8 players
Game mode
Random Map
Map size
Large (8 player)
Population
200
Speed
Normal
Resources
Standard
Victory
Conquest
Starting age
Dark Age
Ending age
Imperial Age
RankedLock teamsTeams togetherTeam positionsShared explorationLock speedFull tech treeHidden civsTurbo modeCheats
Victory
Defeat
🇦🇷 Khmer · Argentina
1733
+9
🇨🇳 Huns · China
1654
+12
🇨🇳 Magyars · China
1645
+12
🇨🇳 Mapuche · China
1634
+12
🇺🇸 Varangians · United States
1621
-14
🇪🇸 Gurjaras · Spain
1591
-12
🇯🇵 Britons · Japan
1553
-11
🇨🇳 Huns · China
1467
-8
ashleylynn
7:41 Loom
8:47 Loom
17:37 Feudal Age
18:08 Arson
17:45 Man-at-Arms
19:26 Scale Mail Armor
20:22 Town Watch
21:41 Forging
30:40 Castle Age
28:33 Horse Collar
29:52 Double-Bit Axe
32:51 Squires
AutoClickerv3
14:26 Feudal Age
14:05 Loom
15:20 Double-Bit Axe
15:55 Horse Collar
18:58 Castle Age
17:06 Stone Mining
17:19 Fishing Lines
20:11 Bow Saw
20:39 Heavy Plow
25:27 Gillnets
28:02 Wheelbarrow
27:47 Town Watch
28:12 Gold Mining
29:10 Hand Cart
29:25 Forging
31:05 Gold Shaft Mining
31:09 Stone Shaft Mining
33:38 Imperial Age
31:12 Scale Mail Armor
31:34 Ballistics
30:56 Treadmill Crane
31:26 Masonry
32:26 Iron Casting
32:30 Chain Mail Armor
32:26 Murder Holes
32:42 Kshatriyas
33:39 Siege Elephant
35:06 Crop Rotation
35:38 Plate Mail Armor
34:50 Elite Chakram Thrower
36:26 Arson
36:49 Scale Barding Armor
36:35 Fletching
37:54 Conscription
自娱自乐
12:11 Feudal Age
10:33 Loom
13:09 Town Watch
16:18 Forging
17:35 Scale Barding Armor
22:51 Castle Age
21:30 Scale Mail Armor
23:56 Wheelbarrow
22:57 Pikeman
32:43 Bloodlines
YEBISU
12:25 Feudal Age
11:42 Loom
16:17 Castle Age
15:13 Double-Bit Axe
15:23 Horse Collar
17:21 Town Watch
23:22 Fletching
25:38 Padded Archer Armor
28:20 Bodkin Arrow
30:06 Ballistics
30:43 Wheelbarrow
30:57 Leather Archer Armor
31:58 Hand Cart
36:00 Imperial Age
34:21 Masonry
33:54 Treadmill Crane
35:39 Yeomen
36:32 Masonry
36:19 Elite Longbowman
37:03 Bracer
~BroKen~
3:13 Loom
13:04 Feudal Age
18:05 Castle Age
17:11 Double-Bit Axe
17:10 Horse Collar
17:20 Town Watch
26:27 Bow Saw
26:54 Heavy Plow
30:42 Wheelbarrow
33:15 Imperial Age
32:07 Bloodlines
31:57 Husbandry
31:18 Light Cavalry
32:50 Hand Cart
32:49 Scale Barding Armor
32:57 Forging
34:27 Chain Barding Armor
34:43 Iron Casting
33:39 Cavalier
36:59 Plate Barding Armor
LUCKY
5:56 Loom
12:56 Feudal Age
17:03 Castle Age
15:46 Double-Bit Axe
17:28 Horse Collar
18:04 Bow Saw
22:35 Town Watch
24:04 Wheelbarrow
25:25 Gold Mining
26:50 Hand Cart
28:04 Bloodlines
28:20 Husbandry
30:40 Heavy Plow
31:03 Scale Barding Armor
33:07 Chain Barding Armor
33:29 Forging
34:50 Gold Shaft Mining
34:06 Stone Mining
38:30 Imperial Age
37:53 Iron Casting
37:52 Marauders
只会打步弓
8:44 Loom
14:30 Feudal Age
20:08 Castle Age
18:59 Fletching
19:16 Double-Bit Axe
21:30 Bodkin Arrow
30:45 Ballistics
31:34 Padded Archer Armor
36:15 Horse Collar
小胖子
12:03 Feudal Age
13:29 Double-Bit Axe
14:12 Horse Collar
17:59 Loom
21:42 Castle Age
20:51 Bloodlines
21:26 Fletching
21:28 Gold Mining
21:45 Light Cavalry
22:21 Bodkin Arrow
23:09 Padded Archer Armor
29:08 Leather Archer Armor
29:42 Wheelbarrow
36:37 Imperial Age
35:02 Ballistics
35:18 Thumb Ring
37:17 Bow Saw
37:34 Bracer
Connection lost

Rejoining the realm…

Still unreachable

The connection could not be restored.

Session expired

The server has moved on; the page needs a fresh start.